 Dungeon Crawl Stone Soup version 0.25-a0-734-g73332aeda9 (webtiles) character file.

Game seed: 14031500276101013159, levelgen mode: deterministic

751835 mortelune the Corrupter of Planes (level 27, -4/242 HPs)
             Began as a Formicid Abyssal Knight on Apr 10, 2020.
             Was the Champion of Lugonu.
             Killed by divine providence
             ... invoked by a daeva
              (10 damage)
             ... on level 5 of the Depths.
             The game lasted 05:17:56 (105614 turns).

mortelune the Corrupter of Planes (FoAK)          Turns: 105614, Time: 05:17:57

Health: -4/242     AC: 47    Str: 29    XL:     27
Magic:  44/44      EV: 17    Int: 16    God:    Lugonu [******]
Gold:   7174       SH: 19    Dex: 13    Spells: 19/26 levels left

rFire    + + +     SeeInvis +   a - +7 great mace "Firestarter" {inner flame, rF++}
rCold    + + +     Gourm    .   J - +2 shield of Resistance {rF+ rC+ MR+}
rNeg     + + +     Faith    .   B - +12 gold dragon scales
rPois    +         Spirit   .   (helmet unavailable)
rElec    +         Reflect  .   x - +1 cloak of Starlight {rElec rC+ EV+4 Stlth--}
rCorr    +         Harm     .   C - +0 pair of fencer's gloves {Riposte Dex+3}
MR       ++++.                  z - +0 pair of boots of Filth {rC+ Slay+3}
Stlth    ..........             H - macabre finger necklace {rN+}
HPRegen  0.90/turn              Q - ring "Tieh" {Fire Slay+2}
MPRegen  0.29/turn              t - ring "Rinan" {rElec rN+ MR+ Dex-4}
                                o - ring "Luskotzi" {rN+ rCorr Int+3 Dex+4}

@: mighty, very slightly contaminated, invisible
A: permanent stasis, dig shafts and tunnels, four strong arms, antennae 3,
talons 1, iridescent scales 1, rugged brown scales 1, slimy green scales 1, high
mp 1, regeneration 1, screaming 2, MP-powered wands
0: Orb of Zot
}: 4/15 runes: decaying, serpentine, slimy, silver
a: Dig, Shaft Self, Depart the Abyss, Bend Space, Banish, Corrupt, Enter the
Abyss, Renounce Religion


You were on level 5 of the Depths.
You worshipped Lugonu.
Lugonu was exalted by your worship.
You were full.

You visited 12 branches of the dungeon, and saw 58 of its levels.
You visited the Abyss 4 times.
You visited 1 ziggurat, and saw 10 of its levels.
You also visited: Trove, Ossuary, Bailey, Ice Cave and Wizlab.

You collected 12285 gold pieces.
You spent 5111 gold pieces at shops.

Inventory:

Hand Weapons
 a - the +7 great mace "Firestarter" (weapon) {inner flame, rF++}
   (You found it on level 4 of the Lair of Beasts)

   It has been specially enchanted to burn those struck by it, causing extra
   injury to most foes and up to half again as much damage against particularly
   susceptible opponents.
   It greatly protects you from fire.
 b - the +7 mace of Variability {chain chaos}
   (You found it on level 5 of a ziggurat)

   Each time it hits an enemy it has a different, random effect.
 g - the +11 trident of the Apocalypse {holy, *Contam Str+4 Int+4 SInv}
   (You found it on level 1 of the Lair of Beasts)

   It has been blessed by the Shining One to cause great damage to the undead
   and demons.
   It affects your strength (+4).
   It affects your intelligence (+4).
   It lets you see invisible.
   It causes magical contamination when unequipped.
 L - a +9 great mace of distortion
Missiles
 v - 45 boomerangs
 O - 25 javelins (quivered)
 Z - 2 silver javelins
Armour
 m - the +2 pair of gloves "Curug" {MR+ SInv}
   (You found it on level 3 of the Lair of Beasts)

   It affects your resistance to hostile enchantments.
   It lets you see invisible.
 x - the +1 cloak of Starlight (worn) {rElec rC+ EV+4 Stlth--}
   (You found it on level 2 of the Elven Halls)

   It affects your evasion (+4).
   It protects you from cold.
   It insulates you from electricity.
   It makes you much less stealthy.
 z - the +0 pair of boots of Filth (worn) {rC+ Slay+3}
   (You found it in an ice cave)

   It affects your accuracy and damage with ranged weapons and melee attacks
   (+3).
   It protects you from cold.
 B - +12 gold dragon scales (worn)
 C - the +0 pair of fencer's gloves (worn) {Riposte Dex+3}
   (You found it on level 3 of the Crypt)

   It affects your dexterity (+3).
 J - the +2 shield of Resistance (worn) {rF+ rC+ MR+}
   (You found it on level 6 of the Dungeon)

   It protects you from fire.
   It protects you from cold.
   It affects your resistance to hostile enchantments.
 Y - a +5 crystal plate armour
Jewellery
 k - the cursed ring "Diffi" {rPois rC+ MR+ Str+4 Dex-2}
   (You took it off a deep elf mage on level 3 of the Elven Halls)

   [ring of dexterity]

   It affects your strength (+4).
   It affects your dexterity (-2).
   It protects you from cold.
   It protects you from poison.
   It affects your resistance to hostile enchantments.
   It has a curse placed upon it.
 o - the ring "Luskotzi" (on amulet) {rN+ rCorr Int+3 Dex+4}
   (You bought it in a shop on level 13 of the Dungeon)

   [ring of resist corrosion]

   It affects your intelligence (+3).
   It affects your dexterity (+4).
   It protects you from negative energy.
   It provides partial protection from all sources of acid and corrosion.
 t - the ring "Rinan" (right hand) {rElec rN+ MR+ Dex-4}
   (You found it on level 3 of the Depths)

   [ring of protection from magic]

   It affects your dexterity (-4).
   It insulates you from electricity.
   It protects you from negative energy.
   It affects your resistance to hostile enchantments.
 H - the macabre finger necklace (around neck) {rN+}
   (You found it on level 4 of the Snake Pit)

   [amulet of nothing]

   It protects you from negative energy.
 I - the amulet of Vitality {Regen+ HP+15}
   (You took it off a yaktaur captain on level 5 of the Vaults)

   [amulet of regeneration]

   It affects your health (+15).
   It increases your rate of regeneration.
 Q - the ring "Tieh" (left hand) {Fire Slay+2}
   (You bought it in a shop on level 2 of the Orcish Mines)

   [ring of fire]

   It enhances your fire magic.
   It affects your accuracy and damage with ranged weapons and melee attacks
   (+2).
   It protects you from fire.
   It makes you vulnerable to cold.
 S - the amulet of the Four Winds {rN+ MR+++ Clar}
   (You took it off a deep elf high priest on level 3 of the Elven Halls)

   [amulet of nothing]

   It protects you from negative energy.
   It affects your resistance to hostile enchantments.
   It protects you against confusion.
Wands
 i - a wand of disintegration (35)
 n - a wand of iceblast (54)
 p - a wand of digging (20)
 q - a wand of acid (8)
 w - a wand of enslavement (25)
 y - a wand of paralysis (46)
 V - a wand of clouds (15)
Scrolls
 d - 20 scrolls of remove curse
 E - 13 scrolls of fear
 K - 6 scrolls of identify
 T - 3 scrolls of silence
 U - 6 scrolls of holy word
 W - 8 scrolls of magic mapping
 X - 7 scrolls of fog
Potions
 f - a potion of heal wounds
 h - 8 potions of ambrosia
 j - 22 potions of curing
 l - 7 potions of flight
 s - 22 potions of brilliance
 D - 5 potions of magic
 F - 6 potions of mutation
 G - a potion of might
 M - a potion of invisibility
 P - 4 potions of cancellation
 R - 3 potions of resistance
Miscellaneous
 A - a lightning rod (4/4)
 N - a phial of floods
Comestibles
 c - 51 rations


   Skills:
 + Level 23.1 Fighting
 - Level 20.0 Maces & Flails
 - Level 13.1 Polearms
 + Level 21.2 Throwing
 - Level 21.5 Armour
 - Level 12.2 Dodging
 + Level 20.3 Shields
 O Level 27 Invocations
 - Level 17.1 Evocations


You had 19 spell levels left.
You knew the following spells:

 Your Spells              Type           Power        Failure   Level  Hunger
a - Passage of Golubria   Tloc           N/A          100%        4    #####..
b - Spectral Weapon       Hex/Chrm       #.......     100%        3    ####...

Your spell library contained the following spells:

 Spells                   Type           Power        Failure   Level  Hunger
 Animate Skeleton         Necr           N/A          93%         1    ##.....
 Apportation              Tloc           #.....       93%         1    ##.....
 Beastly Appendage        Tmut           #.....       93%         1    ##.....
 Corona                   Hex            #......      93%         1    ##.....
 Foxfire                  Conj/Fire      #...         93%         1    ##.....
 Freeze                   Ice            #...         93%         1    ##.....
 Infusion                 Chrm           #...         93%         1    ##.....
 Magic Dart               Conj           #...         93%         1    ##.....
 Pain                     Necr           #...         93%         1    ##.....
 Sandblast                Erth           #.....       93%         1    ##.....
 Summon Butterflies       Summ           #.......     93%         1    ##.....
 Summon Small Mammal      Summ           #...         93%         1    ##.....
 Call Imp                 Summ           #.......     98%         2    ###....
 Corpse Rot               Necr/Air       N/A          98%         2    ###....
 Ensorcelled Hibernation  Hex/Ice        #.....       98%         2    ###....
 Passwall                 Tmut/Erth      #.......     98%         2    ###....
 Poisonous Vapours        Pois/Air       #.....       98%         2    ###....
 Searing Ray              Conj           #.....       98%         2    ###....
 Shroud of Golubria       Chrm/Tloc      #.....       98%         2    ###....
 Slow                     Hex            #.......     98%         2    ###....
 Song of Slaying          Chrm           #.......     98%         2    ###....
 Sticks to Snakes         Tmut           #.......     98%         2    ###....
 Swiftness                Chrm/Air       #.......     98%         2    ###....
 Call Canine Familiar     Summ           #.......     100%        3    ####...
 Confusing Touch          Hex            #.......     100%        3    ####...
 Conjure Flame            Conj/Fire      #.......     100%        3    ####...
 Dazzling Flash           Conj/Hex       #.....       100%        3    ####...
 Frozen Ramparts          Ice            #.....       100%        3    ####...
 Gell's Gravitas          Tloc           #.........   100%        3    ####...
 Ignite Poison            Fire/Tmut/Pois #.......     100%        3    ####...
 Inner Flame              Hex/Fire       #.......     100%        3    ####...
 Lesser Beckoning         Tloc           #.........   100%        3    ####...
 Mephitic Cloud           Conj/Pois/Air  #.......     100%        3    ####...
 Ozocubu's Armour         Chrm/Ice       #.......     100%        3    ####...
 Portal Projectile        Hex/Tloc       #.....       100%        3    ####...
 Spider Form              Tmut/Pois      #.........   100%        3    ####...
 Static Discharge         Conj/Air       #.......     100%        3    ####...
 Stone Arrow              Conj/Erth      #.....       100%        3    ####...
 Teleport Other           Tloc           #.......     100%        3    ####...
 Tukima's Dance           Hex            #.......     100%        3    ####...
 Vampiric Draining        Necr           #.........   100%        3    ####...
 Animate Dead             Necr           N/A          100%        4    #####..
 Cause Fear               Hex            #.........   100%        4    #####..
 Fulminant Prism          Conj/Hex       #.........   100%        4    #####..
 Hailstorm                Conj/Ice       #.......     100%        4    #####..
 Ice Form                 Ice/Tmut       #.......     100%        4    #####..
 Iskenderun's Mystic Bla  Conj/Tloc      #.......     100%        4    #####..
 Leda's Liquefaction      Hex/Erth       #.........   100%        4    #####..
 Petrify                  Tmut/Erth      #.......     100%        4    #####..
 Sticky Flame             Conj/Fire      #.......     100%        4    #####..
 Summon Ice Beast         Ice/Summ       #.......     100%        4    #####..
 Summon Lightning Spire   Summ/Air       #.......     100%        4    #####..
 Agony                    Necr           #.......     100%        5    ######.
 Alistair's Intoxication  Tmut/Pois      #.......     100%        5    ######.
 Blade Hands              Tmut           #.........   100%        5    ######.
 Fireball                 Conj/Fire      #.........   100%        5    ######.
 Iskenderun's Battlesphe  Conj/Chrm      #.......     100%        5    ######.
 Lightning Bolt           Conj/Air       #.........   100%        5    ######.
 Metabolic Englaciation   Hex/Ice        #.........   100%        5    ######.
 Silence                  Hex/Air        #.........   100%        5    ######.
 Summon Forest            Summ/Tloc      #.........   100%        5    ######.
 Summon Mana Viper        Hex/Summ       #.......     100%        5    ######.
 Yara's Violent Unravell  Hex/Tmut       #.........   100%        5    ######.
 Deflect Missiles         Chrm/Air       #.........   100%        6    #######
 Eringya's Noxious Bog    Tmut/Pois      #.........   100%        6    #######
 Freezing Cloud           Conj/Ice/Air   #.........   100%        6    #######
 Hydra Form               Tmut           #.........   100%        6    #######
 Invisibility             Hex            #.......     100%        6    #######
 Iron Shot                Conj/Erth      #.........   100%        6    #######
 Shadow Creatures         Summ           N/A          100%        6    #######
 Starburst                Conj/Fire      #.........   100%        6    #######
 Statue Form              Tmut/Erth      #........    100%        6    #######
 Malign Gateway           Summ/Tloc      #.........   100%        7    #######
 Ring of Flames           Chrm/Fire      #.........   100%        7    #######
 Spellforged Servitor     Conj/Summ      #.........   100%        7    #######
 Summon Hydra             Summ           #.........   100%        7    #######
 Death's Door             Chrm/Necr      #.........   100%        8    #######
 Discord                  Hex            #.........   100%        8    #######
 Ignition                 Fire           #.........   100%        8    #######
 Dragon's Call            Summ           #.........   100%        9    #######
 Shatter                  Erth           #.........   100%        9    #######
 Tornado                  Air            #.........   100%        9    #######
 Blink                    Tloc           Unusable     N/A         2    N/A

Dungeon Overview and Level Annotations

Branches:
Dungeon (15/15)            Temple (0/1) D:6            Lair (6/6) D:9
  Swamp (4/4) Lair:4        Snake (4/4) Lair:4        Slime (5/5) Lair:5
    Orc (2/2) D:10            Elf (3/3) Orc:2        Vaults (5/5) D:14
  Crypt (3/3) Vaults:3       Tomb (0/3) Crypt:3      Depths (5/5) D:15
   Hell (visited)             Dis (0/7) Hell            Geh (0/7) Hell
    Coc (0/7) Hell            Tar (0/7) Hell            Zot (5/5) Depths:5
Ossuary (visited)          Bailey (visited)           IceCv (visited)
 WizLab (visited)

Altars:
Ashenzari
Dithmenos
Elyvilon
Fedhas
Gozag
Hepliaklqana
Kikubaaqudgha
Makhleb
Nemelex Xobeh
Okawaru
Ru
Trog
Vehumet
Xom
The Shining One
Beogh
Jiyva

Shops:
D:5 !   D:6 (   D:8 [   D:13 =   Orc:2 [=(:   Elf:2 }   Elf:3 *   Snake:1 [
Vaults:4 *

Portals:
Hell: Depths:1 Depths:2 Depths:3 Depths:4 Depths:5
Abyss: Depths:4
Pandemonium: Depths:3

Annotations:
D:8 Gastronok
Swamp:2 2 transporters, Vogy's ghost, journeyman DDFi
Snake:4 corrupted
Vaults:3 corrupted
Vaults:4 corrupted
Vaults:5 corrupted
Crypt:2 , corrupted
Depths:2 corrupted
Depths:5 corrupted
Hell corrupted
Zot:4 2 runed translucent doors, corrupted
Zot:5 corrupted
Abyss:1 Josephine, Sonja


Innate Abilities, Weirdness & Mutations

You cannot be hasted, slowed, berserked, paralysed or teleported.
You can dig through walls and to a lower floor.
Your four strong arms can wield two-handed weapons with a shield.
You have a pair of large antennae on your head. (SInv)
You have sharp toenails.
You are partially covered in iridescent scales. (AC +2)
You are partially covered in rugged brown scales. (AC +1, +3% HP)
You are partially covered in slimy green scales. (AC +2)
You have an increased reservoir of magic. (+10% MP)
Your natural rate of healing is unusually fast.
You sometimes yell uncontrollably at your foes.
You expend magic power (3 MP) to strengthen your wands.


Message History

Qawuaple gestures at you.
The sphere of damnation explodes!
The damnation engulfs you!!
* * * LOW HITPOINT WARNING * * *
Qawuaple is engulfed in freezing vapours.
Qawuaple gestures at you.
The sphere of damnation explodes!
The damnation engulfs you!!
* * * LOW HITPOINT WARNING * * *
You feel much better.
The daeva is engulfed in freezing vapours.
Qawuaple is engulfed in freezing vapours.
Qawuaple gestures at you.
The sphere of damnation explodes!
The damnation engulfs you!!
* * * LOW HITPOINT WARNING * * *
Evoke which item? (* to show all) (? for menu, Esc to quit)
Okay, then.
As you read the scroll of fog, it crumbles to dust.
The scroll dissolves into smoke.
The daeva calls down the wrath of the Shining One upon you.
The Shining One smites you!
You die...

##########.......##.≈...##
...).....###.....###.≈≈..##
...≈≈..^.#.###..''###.≈...#
..≈8⌠≈..''...###'...##....##
.....#..#.....####...##....#
#########.#.#..##.....#....#
...##...#.....≈.#.....##.'###
..............§§§§#..≈§##'..#
........#.##.#.§@##..§.#.)..##
...##......###.§§§#..8.##....#
####......[#.#§..###.≈..#....#
#............###&°.#..§.#.#..#
...#....#...#.#§.°......#.#..#
..............#A°..#....#.#..#
...........##.#°#..#....#.⌠..#
.........#.[.##°°..##''##.#..#
...∩.......).#...#.##''##.#.<#


You could see Qawuaple and a daeva.

Vanquished Creatures
  the Royal Jelly (Slime:5)
  Dissolution (Slime:3)
  2 pandemonium lords
  7 ancient liches
  4 orbs of fire
  Mara (Depths:4)
  4 juggernauts
  Mennas (Crypt:2)
  5 Killer Klowns
  Bai Suzhen (Vaults:4)
  Vashnia (Snake:3)
  Margery (Depths:3)
  Xtahua (Depths:5)
  3 caustic shrikes
  3 curse toes
  Nikola (Elf:1)
  the Enchantress (Depths:4)
  A bone dragon (Crypt:3)
  9 golden dragons
  4 electric golems
  An Ice Fiend (Depths:5)
  8 liches
  18 tentacled monstrosities
  Rupert (D:13)
  Jorgrun (Snake:3)
  26 Orb Guardians
  The ghost of Faedia the Fighter, an adept GnWn of Okawaru (Vaults:1)
  8 titans
  Asterion (Elf:3)
  2 deep elf master archers (Elf:3)
  2 deep elf blademasters
  9 quicksilver dragons
  29 acid blobs
  9 death cobs
  An ancient champion (WizLab)
  8 sphinxes
  10 shadow dragons
  7 draconian monks
  8 tengu reavers
  14 storm dragons
  2 thorn hunters
  4 nagarajas
  2 revenants
  7 fire giants
  7 draconian knights
  Roxanne (D:14)
  6 draconian scorchers
  7 vault wardens
  23 azure jellies
  5 orc warlords
  3 iron dragons
  A cacodemon (Abyss:3)
  11 deep elf sorcerers
  Aizul (Swamp:1)
  12 frost giants
  5 ghost moths
  2 curse skulls (Crypt:1)
  An emperor scorpion (Zig:7)
  7 deep elf elementalists
  10 ironheart preservers
  6 draconian stormcallers
  7 ghouls
  6 draconian shifters
  20 stone giants
  3 reapers
  21 very ugly things
  5 war gargoyles
  7 spriggan defenders
  6 draconian annihilators
  An entropy weaver (Vaults:1)
  9 vampire knights
  12 black draconians
  10 deep elf demonologists
  12 green draconians
  6 yellow draconians
  9 purple draconians
  9 red draconians
  11 spark wasps
  9 white draconians
  8 deep elf annihilators
  A spark wasp (shapeshifter) (Depths:2)
  4 crystal guardians
  8 fire dragons
  An ettin (shapeshifter) (Depths:2)
  A dire elephant (D:15)
  16 ettins
  10 jiangshi
  5 eidola (Crypt:2)
  A green death (Abyss:3)
  18 death oozes
  14 great orbs of eyes
  15 yaktaur captains
  6 deep elf death magi
  A merfolk impaler (Depths:1)
  11 deep elf high priests
  A kraken zombie (Hell)
  2 hydras (shapeshifter)
  13 naga warriors
  4 rakshasas
  6 ice dragons
  40 vault guards
  23 hydras
  3 catoblepae
  Fannar (Lair:2)
  4 spriggan air magi
  A hell beast (Zot:3)
  6 centaur warriors
  2 ghost crabs
  6 anacondas
  A shambling mangrove (Swamp:4)
  5 death knights
  32 two-headed ogres
  9 death yaks
  14 ogre magi
  12 deep troll shamans
  8 deep troll earth magi
  7 tengu warriors
  2 thrashing horrors
  21 alligators
  42 dancing weapons
  2 shock serpents
  13 spriggan berserkers
  7 vampire magi
  16 naga sharpshooters
  10 orc high priests
  A storm dragon zombie (Crypt:1)
  16 deep elf knights
  2 soul eaters
  A sun demon (Hell)
  An iron troll (shapeshifter) (Depths:4)
  28 hell knights
  A golden dragon zombie (Crypt:3)
  A salamander mystic (Snake:4)
  37 skeletal warriors
  3 iron trolls
  A deep troll (shapeshifter) (Depths:5)
  An entropy weaver zombie (Crypt:1)
  7 glowing orange brains
  A death drake (shapeshifter) (Depths:4)
  34 deep trolls
  2 unseen horrors
  4 shadow wraiths
  11 wizards
  A ghost moth zombie (Crypt:2)
  A sea snake (Snake:4)
  4 anaconda zombies
  10 flayed ghosts
  An orange crystal statue (D:13)
  15 deep elf archers
  7 naga ritualists
  An anaconda skeleton (Hell)
  A golden dragon skeleton (Crypt:3)
  12 swamp dragons
  2 wolf spider zombies
  59 deep elf magi
  An obsidian statue (D:13)
  10 phantasmal warriors
  17 ironbrand convokers
  17 orc knights
  13 necromancers
  An iron dragon zombie (Hell)
  9 mana vipers
  4 wolf spiders
  24 ugly things
  An orb spider (shapeshifter) (Depths:5)
  12 salamanders
  10 cyclopes
  An oklob plant (Lair:1)
  A mana viper (shapeshifter) (Vaults:4)
  3 stone giant zombies
  22 moths of wrath
  4 orc sorcerers
  3 shining eyes
  2 frost giant zombies
  An iron dragon skeleton (Crypt:3)
  11 elephants
  23 naga magi
  2 worldbinders
  2 ice statues (IceCv)
  17 vault sentinels
  37 black mambas
  4 guardian serpents
  An eye of devastation (Slime:3)
  2 smoke demons
  An orange demon (Depths:5)
  A gargoyle (D:11)
  15 spiny frogs
  A pale draconian zombie (Crypt:2)
  8 komodo dragons
  A komodo dragon (shapeshifter) (Vaults:2)
  A rime drake (shapeshifter) (Zig:7)
  A white draconian zombie (Crypt:3)
  A spiny frog (shapeshifter) (Depths:3)
  42 yaktaurs
  A rime drake (Lair:4)
  2 efreet
  An ancient zyme (Abyss:3)
  A kobold demonologist (Elf:1)
  13 freezing wraiths
  A hydra zombie (Hell)
  8 ice devils
  8 trolls
  2 meliai (shapeshifter)
  A silent spectre (Abyss:3)
  A tengu conjurer (Depths:2)
  3 polar bears (Lair:6)
  A merfolk (D:15)
  17 bog bodies
  A harpy skeleton (Crypt:3)
  10 tyrant leeches
  24 hornets
  A tarantella zombie (Crypt:1)
  27 blink frogs
  2 fire dragon zombies (Crypt:3)
  A hydra skeleton (Hell)
  An ice dragon zombie (Hell)
  15 dream sheep
  4 raiju
  101 slime creatures
  13 hippogriffs
  A meliai zombie (D:15)
  A fire dragon skeleton (Crypt:3)
  4 vampires (WizLab)
  6 air elementals
  33 flying skulls
  A redback (shapeshifter) (Depths:1)
  30 spriggans
  A satyr skeleton (Crypt:2)
  3 large abominations
  87 yaks
  2 ynoxinuls
  Eustachio (D:4)
  3 basilisks
  A spriggan (shapeshifter) (Vaults:2)
  5 water elementals
  4 shadows
  9 wraiths
  A hog (shapeshifter) (Elf:1)
  4 wyverns
  A black mamba skeleton (Crypt:1)
  11 golden eyes
  5 fire elementals
  A human (shapeshifter) (Vaults:5)
  8 vampire mosquitoes
  A chaos spawn (Zig:8)
  A steam dragon (D:11)
  2 neqoxecs
  A deep troll zombie (Crypt:1)
  2 two-headed ogre zombies (WizLab)
  4 hungry ghosts
  4 wargs
  27 insubstantial wisps
  2 acid dragons
  9 swamp worms
  36 nagas
  2 soldier ants (D:9)
  23 water moccasins
  A water moccasin (shapeshifter) (Depths:4)
  5 porcupines
  63 orc warriors
  A floating eye (Slime:2)
  3 ice beasts
  6 black bears
  8 swamp drakes
  A hornet zombie (D:15)
  11 eyes of draining
  A phantom (D:6)
  A sky beast (D:9)
  9 necrophages
  A tengu (shapeshifter) (Zig:5)
  An eye of draining (shapeshifter) (Vaults:3)
  38 ogres
  25 wolves
  9 boggarts
  21 centaurs
  6 crocodiles
  2 big kobolds
  A hippogriff zombie (Crypt:1)
  A snapping turtle skeleton (Crypt:3)
  An elf zombie (Hell)
  A draconian zombie (Crypt:2)
  A human skeleton (Vaults:1)
  A wyvern zombie (D:10)
  12 bullfrogs
  10 earth elementals
  A draconian skeleton (Crypt:1)
  A water moccasin zombie (D:5)
  4 scorpions
  3 small abominations
  8 troll zombies (WizLab)
  12 killer bees
  6 howler monkeys
  A spriggan skeleton (Crypt:1)
  9 wights
  A troll skeleton (Crypt:3)
  A wolf zombie (Crypt:1)
  6 electric eels
  7 bullfrog zombies
  9 crimson imps
  7 lava snakes (Snake:3)
  3 centaur zombies (Ossuary)
  3 bullfrog skeletons
  34 orc priests
  3 centaur skeletons
  8 hounds
  A human zombie (Crypt:3)
  24 orc wizards
  2 hell rats (Lair:3)
  5 iguanas
  7 worker ants
  5 ogre zombies (WizLab)
  4 hound zombies
  A demigod skeleton (Crypt:2)
  A tengu skeleton (Crypt:2)
  3 hound skeletons
  16 mummies
  6 worker ant zombies
  11 gnolls
  2 howler monkey skeletons
  20 adders
  10 river rats (Lair:3)
  A shadow imp (D:14)
  17 white imps
  2 ufetubi (IceCv)
  An ooze (D:5)
  A lava snake zombie (Crypt:2)
  2 adder skeletons
  2 worms
  4 dart slugs
  2 leopard geckos
  112 orcs
  9 bats
  8 giant cockroaches
  15 goblins
  9 hobgoblins
  4 jackals
  6 quokkas
  4 ball pythons
  8 frilled lizards
  20 kobolds
  A leopard gecko skeleton (D:4)
  A leopard gecko zombie (Ossuary)
  2 quokka skeletons (D:4)
  3 quokka zombies
  6 rats
  7 briar patches (Swamp:3)
  A bush (Lair:4)
  2 crawling corpses (Elf:3)
  6 fungi
  5 plants
  A tentacle (Hell)
2873 creatures vanquished.

Vanquished Creatures (collateral kills)
  A hydra (Swamp:4)
  A swamp dragon (Swamp:4)
2 creatures vanquished.

Vanquished Creatures (others)
  The ghost of Mgcat the Slayer, a master HOWn of Okawaru (Zot:4)
  A juggernaut (Depths:2)
  Sojobo (Vaults:4)
  6 Killer Klowns
  3 caustic shrikes (Depths:5)
  Geryon (Hell)
  A curse toe (Zot:4)
  3 golden dragons
  5 tentacled monstrosities
  An Ice Fiend (Zig:9)
  A hellephant (Hell)
  A quicksilver dragon (Zot:5)
  A sphinx (Depths:3)
  2 death cobs
  3 shadow dragons
  A draconian monk (Zig:10)
  5 nagarajas (Snake:4)
  2 tengu reavers
  A ghost moth (Zot:4)
  2 vault wardens (Vaults:5)
  2 fire giants
  2 draconian scorchers
  A draconian shifter (Zig:10)
  2 curse skulls (Crypt:2)
  A draconian stormcaller (Zig:10)
  A cacodemon (Hell)
  3 spriggan defenders (Depths:2)
  3 draconian annihilators (Zig:10)
  A war gargoyle (Vaults:5)
  An ironheart preserver (Vaults:5)
  6 reapers
  A vampire knight (Crypt:2)
  A stone giant (Depths:2)
  A deep elf annihilator (Vaults:5)
  2 purple draconians
  2 yellow draconians (Zig:10)
  4 red draconians
  2 spark wasps (Depths:5)
  A deep elf death mage (Crypt:2)
  3 blizzard demons
  2 ettins
  An eidolon (Crypt:2)
  A kraken zombie (Hell)
  2 deep elf high priests
  A jiangshi (Crypt:2)
  A great orb of eyes (Vaults:5)
  2 yaktaur captains (Vaults:5)
  2 slime creatures
  A quicksilver dragon skeleton (Hell)
  A great orb of eyes (shapeshifter) (Vaults:5)
  4 naga warriors (Snake:4)
  3 ogre magi
  2 hydras
  A spriggan air mage (Depths:2)
  A fire dragon (Depths:3)
  A centaur warrior (Depths:2)
  3 anacondas (Snake:4)
  2 two-headed ogres
  A deep troll shaman (Depths:2)
  5 naga sharpshooters (Snake:4)
  A spriggan berserker (Depths:2)
  A vampire mage (Crypt:2)
  2 deep troll earth magi (Depths:2)
  6 shock serpents
  8 hell knights (Hell)
  5 sun demons (Hell)
  2 soul eaters (Hell)
  4 deep elf knights
  3 skeletal warriors
  6 sea snakes (Snake:4)
  2 shadow wraiths
  A sixfirhy (Hell)
  A deep troll (Depths:2)
  A deep elf archer (Elf:2)
  A shadow dragon zombie (Hell)
  2 swamp dragons
  An obsidian statue (Zot:4)
  An orange crystal statue (Crypt:2)
  A phantasmal warrior (Vaults:5)
  An anaconda skeleton (Hell)
  A fire giant zombie (Zig:9)
  3 necromancers (Hell)
  A wolf spider (Vaults:3)
  An ugly thing (Zig:8)
  3 deep elf magi
  2 moths of wrath (Zot:4)
  An elephant (D:9)
  A frost giant skeleton (Hell)
  A black mamba (Snake:4)
  5 guardian serpents (Snake:4)
  An apocalypse crab (Zig:8)
  A vault sentinel (Vaults:5)
  An orange demon (Hell)
  A smoke demon (Hell)
  3 demonic crawlers (Hell)
  2 tormentors (Hell)
  A rime drake (shapeshifter) (Vaults:3)
  4 yaktaurs
  3 freezing wraiths (Zig:9)
  9 ice devils
  2 red devils
  2 hydra zombies (Hell)
  5 hornets (Depths:2)
  A bog body (Swamp:4)
  A stone giant simulacrum (Hell)
  2 flying skulls
  A water elemental (Hell)
  An alligator skeleton (Hell)
  4 fire elementals (Hell)
  5 spriggans (Depths:2)
  A chaos spawn (Zig:8)
  An elf zombie (Zig:9)
  An elf skeleton (Zig:9)
  19 nagas (Snake:4)
  A spiny frog zombie (Hell)
  8 hell hounds (Hell)
  A boggart (shapeshifter) (Vaults:5)
  3 ogres
  2 centaurs (Depths:2)
  2 crimson imps (Hell)
  5 white imps
  10 ufetubi (IceCv)
  12 fungi
  A lurking horror (Abyss:3)
  3 plants
  120 starspawn tentacles
  11 tentacles (Hell)
  2 withered plants (Ossuary)
441 creatures vanquished.

Grand Total: 3316 creatures vanquished

Notes
Turn   | Place    | Note
-------+----------+-------------------------------------------
     0 | Abyss:1  | mortelune the Formicid Abyssal Knight began the quest for
                  | the Orb.
     0 | Abyss:1  | Reached XP level 1. HP: 18/18 MP: 2/2
    64 | Abyss:1  | Noticed an orange demon
    66 | D:1      | Escaped the Abyss
   167 | D:1      | Reached XP level 2. HP: 20/24 MP: 3/3
   227 | D:1      | Reached * piety under Lugonu
   393 | D:1      | Reached XP level 3. HP: 26/29 MP: 4/4
  1618 | D:2      | Reached XP level 4. HP: 29/37 MP: 5/5
  2180 | D:3      | Reached skill level 1 in Shields
  2413 | D:3      | Reached ** piety under Lugonu
  2542 | D:3      | Reached XP level 5. HP: 12/42 MP: 6/6
  3298 | D:3      | Found a blossoming altar of Fedhas.
  3890 | D:4      | Reached XP level 6. HP: 27/48 MP: 7/7
  4061 | D:4      | Found a sparkling altar of Nemelex Xobeh.
  4061 | D:4      | Found an opulent altar of Gozag.
  4212 | D:4      | Noticed Eustachio
  4247 | D:4      | Found a sacrificial altar of Ru.
  4377 | D:4      | Killed Eustachio
  4377 | D:4      | Reached XP level 7. HP: 41/55 MP: 8/8
  4842 | D:5      | Entered Level 5 of the Dungeon
  5118 | D:5      | Reached skill level 5 in Fighting
  5122 | D:5      | Reached *** piety under Lugonu
  5122 | D:5      | Reached skill level 5 in Armour
  5122 | D:5      | Reached XP level 8. HP: 43/62 MP: 9/9
  5214 | D:5      | Reached skill level 5 in Maces & Flails
  5385 | D:5      | Reached skill level 5 in Shields
  5483 | D:5      | Found Qavvebim's Distillery.
  5486 | D:5      | Bought a potion of curing for 39 gold pieces
  5486 | D:5      | Bought a potion of stabbing for 52 gold pieces
  5486 | D:5      | Bought a potion of cancellation for 104 gold pieces
  5486 | D:5      | Bought a potion of degeneration for 13 gold pieces
  5788 | D:5      | Found an iron altar of Okawaru.
  5788 | D:5      | Found an ancient bone altar of Kikubaaqudgha.
  5937 | D:6      | Found Ameluis's Antique Weapon Shoppe.
  5974 | D:6      | Found a sand-covered staircase.
  5985 | Ossuary  | Entered an ossuary
  6042 | Ossuary  | Reached skill level 3 in Invocations
  6223 | Ossuary  | Reached skill level 4 in Invocations
  6312 | Ossuary  | Reached XP level 9. HP: 51/69 MP: 12/12
  6994 | D:6      | Found a staircase to the Ecumenical Temple.
  7024 | D:6      | Reached skill level 5 in Invocations
  7151 | D:6      | Found the +2 shield of Resistance {rF+ rC+ MR+}
  7279 | D:6      | Found a shattered altar of Ashenzari.
  7346 | D:6      | Reached **** piety under Lugonu
  7351 | D:6      | Reached skill level 6 in Invocations
  7604 | D:6      | Found a shimmering altar of Xom.
  7604 | D:6      | Found a burning altar of Makhleb.
  7961 | D:7      | Found a radiant altar of Vehumet.
  8616 | D:7      | Reached skill level 7 in Invocations
  8616 | D:7      | Reached XP level 10. HP: 77/77 MP: 15/15
  8705 | D:7      | Found a shadowy altar of Dithmenos.
  9387 | D:8      | Found Senoeghy's Antique Armour Shoppe.
  9409 | D:8      | Bought a pair of glowing gloves for 210 gold pieces
  9732 | D:8      | Noticed Gastronok
  9879 | D:9      | Reached skill level 8 in Invocations
 10055 | D:8      | Found a hazy altar of Hepliaklqana.
 10452 | D:9      | Found a white marble altar of Elyvilon.
 10695 | D:9      | Noticed an elephant
 10696 | D:9      | Found a staircase to the Lair.
 10705 | D:9      | Reached ***** piety under Lugonu
 10706 | D:9      | Banished an elephant
 10737 | D:8      | Reached skill level 9 in Invocations
 11247 | D:9      | Reached XP level 11. HP: 86/86 MP: 17/17
 11740 | D:10     | Entered Level 10 of the Dungeon
 12356 | D:10     | Reached skill level 10 in Invocations
 12591 | D:10     | Reached skill level 10 in Maces & Flails
 12676 | D:10     | Found a staircase to the Orcish Mines.
 12689 | D:10     | Found a roughly hewn altar of Beogh.
 13109 | D:11     | Found a frozen archway.
 13136 | IceCv    | Entered an ice cave
 13572 | IceCv    | Killed a reaper
 14408 | IceCv    | Got a pair of shimmering boots
 14424 | IceCv    | Identified the +0 pair of boots of Filth {rC+ Slay+3} (You
                  | found it in an ice cave)
 14460 | IceCv    | Reached skill level 11 in Invocations
 14682 | IceCv    | Reached XP level 12. HP: 45/94 MP: 20/20
 15855 | D:11     | Reached ****** piety under Lugonu
 16252 | D:11     | Reached skill level 12 in Invocations
 16437 | D:11     | Noticed Josephine
 16439 | D:11     | Banished Josephine
 16863 | D:6      | Bought a steaming mace for 256 gold pieces
 16863 | D:6      | Identified the +4 mace of Dust {flame, Int+4} (You bought
                  | it in a shop on level 6 of the Dungeon)
 16951 | Lair:1   | Entered Level 1 of the Lair of Beasts
 17207 | Lair:1   | Got a crystal trident
 17245 | Lair:1   | Identified the +11 trident of the Apocalypse {holy, *Contam
                  | Str+4 Int+4 SInv} (You found it on level 1 of the Lair of
                  | Beasts)
 17331 | Lair:1   | Reached skill level 1 in Polearms
 17489 | Lair:1   | Got a slimy plate armour
 17500 | Lair:1   | Identified the +7 plate armour of a volcano {rC+ Str+2
                  | Int+3} (You found it on level 1 of the Lair of Beasts)
 18030 | Lair:1   | Reached XP level 13. HP: 103/103 MP: 22/22
 18163 | Lair:2   | Reached skill level 10 in Armour
 18438 | Lair:2   | Reached skill level 10 in Fighting
 18446 | Lair:2   | Reached skill level 13 in Invocations
 18624 | Lair:2   | Noticed Fannar
 18643 | Lair:2   | Killed Fannar
 19562 | Lair:3   | Got a pair of smoking gloves
 19573 | Lair:3   | Identified the +2 pair of gloves "Curug" {MR+ SInv} (You
                  | found it on level 3 of the Lair of Beasts)
 19677 | Lair:2   | Reached skill level 5 in Polearms
 20461 | Lair:3   | Reached skill level 14 in Invocations
 20952 | Lair:4   | Found the +7 great mace "Firestarter" {inner flame, rF++}
 21479 | Lair:4   | Reached XP level 14. HP: 70/111 MP: 24/24
 21737 | Lair:4   | Found a staircase to the Snake Pit.
 22149 | Lair:4   | Found a staircase to the Swamp.
 22370 | Lair:4   | You fall into a shaft and drop 1 floor!
 22801 | Lair:5   | Reached skill level 15 in Invocations
 23431 | Lair:5   | Found a staircase to the Slime Pits.
 23431 | Lair:5   | Found a viscous altar of Jiyva.
 23676 | Lair:6   | Entered Level 6 of the Lair of Beasts
 23738 | Lair:6   | Noticed Sonja
 23935 | Lair:6   | Cast into level 2 of the Abyss (Sonja)
 24015 | Lair:6   | Escaped the Abyss
 24016 | Lair:6   | Banished Sonja
 24664 | Lair:6   | Reached XP level 15. HP: 101/120 MP: 26/26
 26671 | D:13     | Found Tuamoif's Jewellery Boutique.
 26959 | D:13     | Found a flagged portal.
 26974 | Bailey   | Entered a bailey
 27243 | Bailey   | Found an iron altar of Okawaru.
 27267 | Bailey   | Reached skill level 1 in Evocations
 27832 | Bailey   | Identified the +5 scale mail of the Farmer {Int+3} (You
                  | found it in a bailey)
 27868 | Bailey   | Got an ancient mace
 27871 | Bailey   | Identified the +8 mace "Dowkok" {elec, rF++ Str-2} (You
                  | found it in a bailey)
 28407 | D:13     | Noticed Rupert
 28417 | D:13     | Killed Rupert
 29220 | Orc:1    | Entered Level 1 of the Orcish Mines
 29521 | Orc:2    | Entered Level 2 of the Orcish Mines
 29556 | Orc:2    | Found a staircase to the Elven Halls.
 29888 | Orc:2    | Noticed an orc warlord
 29923 | Orc:1    | Killed an orc warlord
 30223 | Orc:2    | Reached XP level 16. HP: 91/130 MP: 27/27
 31598 | Orc:2    | Found Joosudwa's Armour Shoppe.
 31601 | Orc:2    | Found Qicyakyxe's Antique Weapon Emporium.
 31602 | Orc:2    | Found Giuhe's Book Shoppe.
 31603 | Orc:2    | Found Etussiheq's Jewellery Shoppe.
 32768 | Orc:2    | Bought the quicksilver dragon scales of an ossuary {rElec
                  | MR+ rCorr Dex+5} for 1351 gold pieces
 32794 | Orc:2    | Bought the ring "Tieh" {Fire Slay+2} for 606 gold pieces
 32794 | Orc:2    | Bought the ring "Quskuq" {rPois rF+ rC+ Str-4 Int+3 Dex+2}
                  | for 550 gold pieces
 32981 | D:13     | Reached skill level 5 in Evocations
 33700 | D:14     | Found a gate to the Vaults.
 33783 | D:14     | Identified Roxanne's Grimoire of the Rocks
 33783 | D:14     | Noticed Roxanne
 33804 | D:14     | Killed Roxanne
 34062 | D:15     | Entered Level 15 of the Dungeon
 34093 | D:15     | Identified the ring of Paseen {rPois MR+ Dex+2} (You found
                  | it on level 15 of the Dungeon)
 34660 | D:15     | Found a staircase to the Depths.
 35142 | Swamp:1  | Entered Level 1 of the Swamp
 35959 | Swamp:1  | Reached XP level 17. HP: 109/139 MP: 28/28
 36121 | Swamp:1  | Reached skill level 1 in Throwing
 36349 | Swamp:1  | Noticed Aizul
 36366 | Swamp:1  | Killed Aizul
 38339 | Swamp:2  | Noticed Vogy's ghost (journeyman DDFi)
 38355 | Swamp:2  | Identified the +6 spear of the Endless March {vamp, Str+3}
 38359 | Swamp:2  | Identified the +9 rapier of Disgust {antimagic, +Fly rPois
                  | Int-3 Dex-3}
 38401 | Swamp:2  | Found a bloodstained altar of Trog.
 38404 | Swamp:2  | Found a transporter.
 38421 | Swamp:2  | Found a transporter.
 39197 | Swamp:3  | Reached skill level 1 in Dodging
 39424 | Swamp:3  | Reached skill level 15 in Maces & Flails
 39497 | Swamp:3  | Noticed a thorn hunter
 39504 | Swamp:3  | Killed a thorn hunter
 39833 | Swamp:3  | Got a warped turquoise ring
 39834 | Swamp:3  | Identified the ring "Yka Bihi" {Fire +Blink Dex+2 Slay-3}
                  | (You found it on level 3 of the Swamp)
 40328 | Swamp:4  | Entered Level 4 of the Swamp
 40895 | Swamp:4  | Reached XP level 18. HP: 140/147 MP: 29/29
 42214 | Swamp:4  | Got a decaying rune of Zot
 42586 | Swamp:4  | Reached skill level 5 in Throwing
 42586 | Swamp:4  | Reached skill level 5 in Dodging
 42641 | Swamp:4  | Identified the +2 longbow "Afa Gyir" {flame, +Blink rF+
                  | Dex+2} (You found it on level 4 of the Swamp)
 42830 | D:8      | Bought a polished kite shield for 266 gold pieces
 42830 | D:8      | Identified the cursed +0 kite shield of the Eight Boll
                  | Weevils {+Inv} (You bought it in a shop on level 8 of the
                  | Dungeon)
 42954 | Snake:1  | Entered Level 1 of the Snake Pit
 42970 | Snake:1  | Identified the cursed +0 shortbow of Valuable Assets
                  | {flame, rF- rN+ Str+6} (You found it on level 1 of the
                  | Snake Pit)
 43474 | Snake:1  | Found Teow's Armour Shoppe.
 43537 | Snake:1  | Reached skill level 15 in Fighting
 44012 | Snake:2  | Reached skill level 15 in Armour
 44736 | Snake:2  | Reached XP level 19. HP: 69/155 MP: 30/30
 46418 | Snake:3  | Noticed Jorgrun
 46428 | Snake:3  | Killed Jorgrun
 46430 | Snake:3  | Noticed Vashnia
 46680 | Snake:3  | Killed Vashnia
 47072 | Snake:4  | Entered Level 4 of the Snake Pit
 47072 | Snake:4  | Found the macabre finger necklace {rN+}
 47184 | Snake:4  | Reached skill level 10 in Evocations
 47554 | Snake:4  | Corrupted Snake:4
 47554 | Snake:4  | Noticed a bone dragon
 48301 | Snake:4  | Got a serpentine rune of Zot
 49770 | Vaults:1 | Entered Level 1 of the Vaults
 49786 | Vaults:1 | Found the +3 crown of Dyrovepreva {rElec Int+2 SInv}
 49939 | Vaults:1 | Reached XP level 20. HP: 149/164 MP: 31/31
 50119 | Vaults:1 | Identified the +4 scale mail of the Two of Cups {rPois rC+
                  | Str+2 Dex+4} (You found it on level 1 of the Vaults)
 50854 | Vaults:1 | Found a runed translucent door.
 50856 | Vaults:1 | Noticed Faedia's ghost (adept GnWn)
 50927 | Vaults:1 | Killed Faedia's ghost
 52030 | Vaults:1 | Identified the amulet "Huosozurph" {+Rage rF+ MR+ Dex+2}
                  | (You found it on level 1 of the Vaults)
 52621 | Vaults:2 | Noticed a lich
 52627 | Vaults:2 | Killed a lich
 52648 | Vaults:2 | Reached XP level 21. HP: 106/171 MP: 32/32
 54685 | Vaults:3 | Identified Sif Muna's Collected Works on Feathery Creation
 54966 | Vaults:3 | Found a staircase to the Crypt.
 55201 | Vaults:3 | Corrupted Vaults:3
 55201 | Vaults:3 | Noticed a bone dragon
 56647 | Vaults:4 | Noticed Sojobo
 56661 | Vaults:4 | Corrupted Vaults:4
 56676 | Vaults:4 | Killed Sojobo
 57070 | Vaults:4 | Noticed Bai Suzhen
 57111 | Vaults:4 | Killed Bai Suzhen
 57305 | Vaults:4 | Reached skill level 10 in Throwing
 57305 | Vaults:4 | Reached XP level 22. HP: 146/180 MP: 33/33
 57657 | Vaults:4 | Found Paicag's General Store.
 57675 | Vaults:4 | Bought a wand of clouds (3) for 420 gold pieces
 58552 | Depths:1 | Entered Level 1 of the Depths
 59697 | Depths:1 | Found a gateway to Hell.
 60020 | Depths:1 | Found a glowing golden altar of the Shining One.
 60765 | Depths:2 | Reached XP level 23. HP: 157/188 MP: 34/34
 61336 | Depths:2 | Corrupted Depths:2
 61411 | Depths:2 | Killed a juggernaut
 61741 | Depths:2 | Identified the ring "Doth" {rF+ rN+ Dex+4}
 61742 | Depths:2 | Identified the +4 shortbow of Blood {flame, Str+3}
 61875 | Depths:2 | Identified the +0 ring mail of Nemelex Xobeh's Hope {Int+5}
                  | (You found it on level 2 of the Depths)
 62210 | Depths:2 | Noticed a juggernaut
 62221 | Depths:2 | Killed a juggernaut
 62904 | Depths:3 | Found a one-way gate leading to the halls of Pandemonium.
 63025 | Depths:3 | Noticed Margery
 63080 | Depths:3 | Killed Margery
 63950 | Depths:3 | Noticed a caustic shrike
 63956 | Depths:3 | Killed a caustic shrike
 64014 | Depths:3 | Noticed a juggernaut
 64022 | Depths:3 | Killed a juggernaut
 64022 | Depths:3 | Reached skill level 16 in Invocations
 64022 | Depths:3 | Reached XP level 24. HP: 182/198 MP: 34/35
 64169 | Depths:3 | Noticed a golden dragon
 64176 | Depths:3 | Killed a golden dragon
 64244 | Depths:3 | Got a sparkling lapis lazuli ring
 64245 | Depths:3 | Identified the ring "Rinan" {rElec rN+ MR+ Dex-4} (You
                  | found it on level 3 of the Depths)
 64281 | Depths:3 | Identified the +1 buckler of the Nexus {Regen+} (You found
                  | it on level 3 of the Depths)
 65004 | Depths:4 | Found a magical portal.
 65030 | WizLab   | Entered Zonguldrok's Shrine
 65448 | WizLab   | Noticed an antique lich
 65450 | WizLab   | Found the +9 sword of Zonguldrok {reap}
 65456 | WizLab   | Killed an antique lich
 65798 | Depths:4 | Reached skill level 17 in Invocations
 65807 | Depths:4 | Reached skill level 15 in Evocations
 65808 | Depths:4 | Noticed Mara
 65818 | Depths:4 | Killed Mara
 66689 | Depths:4 | Noticed the Enchantress
 66704 | Depths:4 | Killed the Enchantress
 66704 | Depths:4 | Reached XP level 25. HP: 154/206 MP: 35/35
 67514 | Depths:4 | Noticed a caustic shrike
 67524 | Depths:4 | Killed a caustic shrike
 67525 | Depths:4 | Noticed a caustic shrike
 67538 | Depths:4 | Killed a caustic shrike
 67538 | Depths:4 | Reached skill level 18 in Invocations
 67805 | Depths:4 | Found a one-way gate to the infinite horrors of the Abyss.
 67963 | Depths:5 | Entered Level 5 of the Depths
 67972 | Depths:5 | Noticed Xtahua
 67982 | Depths:5 | Killed Xtahua
 69025 | Depths:5 | Found a gateway to a ziggurat.
 69283 | Depths:5 | Noticed a juggernaut
 69293 | Depths:5 | Killed a juggernaut
 69705 | Depths:5 | Reached skill level 19 in Invocations
 69982 | Depths:5 | Reached XP level 26. HP: 189/215 MP: 36/36
 69983 | Depths:5 | Found a gate to the Realm of Zot.
 70035 | Depths:5 | HP: 4/216 [acid (9)]
 70038 | Depths:5 | Corrupted Depths:5
 70937 | D:13     | Bought the ring "Luskotzi" {rN+ rCorr Int+3 Dex+4} for 734
                  | gold pieces
 71146 | Elf:1    | Entered Level 1 of the Elven Halls
 71885 | Elf:1    | Noticed Nikola
 71900 | Elf:1    | Killed Nikola
 72700 | Elf:2    | Cast into level 3 of the Abyss (+2 trident of distortion)
 72917 | Abyss:3  | Gained mutation: You are weak. (Str -2) [a cacodemon]
 72970 | Elf:2    | Escaped the Abyss
 73336 | Elf:2    | Found Fuich's Gadget Emporium.
 73338 | Elf:2    | Found the +1 cloak of Starlight {rElec rC+ EV+4 Stlth--}
 73368 | Elf:2    | Bought a phantom mirror for 510 gold pieces
 73413 | Elf:2    | Found a runed translucent gate.
 73414 | Elf:2    | Found a runed translucent gate.
 73415 | Elf:2    | Found a runed translucent gate.
 73817 | Elf:2    | Reached skill level 20 in Invocations
 74684 | Vaults:2 | Identified a +9 great mace of distortion (a +9 great mace
                  | of protection corrupted by Lugonu)
 74684 | Vaults:2 | Received a gift from Lugonu
 74947 | Elf:3    | Entered Level 3 of the Elven Halls
 74947 | Elf:3    | Noticed Asterion
 74954 | Elf:3    | Killed Asterion
 75037 | Elf:3    | Found a portal to a secret trove of treasure.
 75836 | Elf:3    | Found Riosch's General Store.
 75883 | Elf:3    | Reached XP level 27. HP: 221/224 MP: 37/37
 76079 | Elf:3    | Identified the +8 dagger of Zin's Delight {flame, Dex+2}
 76270 | Elf:3    | Identified the +6 quarterstaff "Vaokhel" {freeze, rN+}
 76392 | Elf:3    | Identified the cursed ring "Diffi" {rPois rC+ MR+ Str+4
                  | Dex-2}
 76598 | Elf:3    | Identified the +2 kite shield of the Curious Realms {Str+3}
 76599 | Elf:3    | Identified the ring of the Hippo {*Tele +Inv rPois MR++
                  | Dex-5}
 76966 | Elf:3    | Identified the cursed +0 hunting sling "Woecsa" {flame,
                  | Dex+2} (You found it on level 3 of the Elven Halls)
 77020 | Elf:3    | Identified the +2 arbalest of the Absolute Madman {penet,
                  | Fragile rF+ rN+} (You found it on level 3 of the Elven
                  | Halls)
 77044 | Elf:3    | Reached skill level 21 in Invocations
 77666 | Hell     | Entered the Vestibule of Hell
 77666 | Hell     | Noticed Geryon
 77667 | Hell     | Corrupted Hell
 77685 | Hell     | Killed Geryon
 77697 | Hell     | Found a gateway to the Iron City of Dis.
 77808 | Hell     | Found a gateway to the freezing wastes of Cocytus.
 78169 | Hell     | Found a gateway to the decaying netherworld of Tartarus.
 78205 | Hell     | Gained mutation: Scrolls take you a little longer to read.
                  | [mutagenic glow]
 78276 | Hell     | Found a gateway to the ashen valley of Gehenna.
 78712 | Elf:3    | You paid a toll of the horn of Geryon to enter a treasure
                  | trove
 78713 | Trove    | Entered a treasure trove
 78743 | Trove    | Identified Ypoer's Guide on the Escort and Augmentations
 78786 | Trove    | Identified the amulet "Isuerph" {Spirit MR+} (You found it
                  | in a treasure trove)
 78789 | Trove    | Identified the amulet of Patusyi {Harm *Drain rF+} (You
                  | found it in a treasure trove)
 79148 | Slime:1  | Entered Level 1 of the Pits of Slime
 79721 | Slime:2  | Reached skill level 15 in Throwing
 80081 | Slime:3  | Noticed Dissolution
 80099 | Slime:3  | Killed Dissolution
 80219 | Slime:3  | Gained mutation: You are frail. (-10% HP) [a shining eye]
 80455 | Slime:4  | Reached skill level 10 in Shields
 80598 | Slime:4  | Gained mutation: You are partially covered in rugged brown
                  | scales. (AC +1, +3% HP) [a shining eye]
 81052 | Slime:5  | Entered Level 5 of the Pits of Slime
 81402 | Slime:5  | Learned a level 4 spell: Passage of Golubria
 81406 | Slime:5  | Learned a level 3 spell: Spectral Weapon
 81567 | Slime:5  | Noticed the Royal Jelly
 82011 | Slime:5  | Found a viscous altar of Jiyva.
 82048 | Slime:5  | Reached skill level 10 in Polearms
 83036 | Slime:4  | Lost mutation: You are frail. (-10% HP) [potion of
                  | mutation]
 83036 | Slime:4  | Lost mutation: Scrolls take you a little longer to read.
                  | [potion of mutation]
 83036 | Slime:4  | Gained mutation: You are partially covered in slimy green
                  | scales. (AC +2) [potion of mutation]
 83036 | Slime:4  | Gained mutation: Your body sometimes deteriorates upon
                  | taking damage. [potion of mutation]
 83036 | Slime:4  | Lost mutation: You are weak. (Str -2) [potion of mutation]
 83036 | Slime:4  | Gained mutation: You expend magic power (3 MP) to
                  | strengthen your wands. [potion of mutation]
 83347 | Slime:5  | Killed the Royal Jelly
 83989 | Slime:5  | Got a slimy turquoise ring
 83990 | Slime:5  | Identified the ring "Dahexkas" {Wiz rElec Str+2} (You found
                  | it on level 5 of the Pits of Slime)
 83994 | Slime:5  | Got a steaming wooden ring
 83995 | Slime:5  | Identified the ring of Zujim {Ice rPois Str-4 Dex+3 Stlth+}
                  | (You found it on level 5 of the Pits of Slime)
 84003 | Slime:5  | Got a slimy rune of Zot
 84547 | Vaults:5 | Entered Level 5 of the Vaults
 85187 | Vaults:4 | Reached skill level 22 in Invocations
 85597 | Vaults:5 | Identified the cursed +0 chain mail "Mecag" {rElec rPois
                  | Str-5 Dex-4}
 85600 | Vaults:5 | Identified the +9 halberd "Jussuwk" {freeze, Int+2}
 85851 | Vaults:5 | Corrupted Vaults:5
 85877 | Vaults:5 | Reached skill level 10 in Dodging
 86815 | Vaults:5 | Identified the cursed +0 triple crossbow of Disintegration
                  | {venom, +Blink +Inv}
 86945 | Vaults:5 | Identified Jufol's Catalogue of Creative Translocation
 87122 | Vaults:5 | Got a silver rune of Zot
 87478 | Crypt:1  | Entered Level 1 of the Crypt
 87792 | Crypt:1  | Gained mutation: You are dopey. (Int -2) [mutagenic glow]
 89173 | Crypt:2  | Noticed Mennas
 89816 | Crypt:2  | Killed Mennas
 90058 | Crypt:2  | Found a transporter.
 90059 | Crypt:2  | Found the +3 robe of Folly {Archmagi, MR-- Int+5}
 90091 | Crypt:2  | Found a transporter.
 90704 | Crypt:2  | Corrupted Crypt:2
 90935 | Crypt:2  | Identified the +1 pair of boots of Instinct {MP+9 Dex+4}
                  | (You found it on level 2 of the Crypt)
 91028 | Crypt:3  | Entered Level 3 of the Crypt
 91622 | Crypt:3  | Found an ancient bone altar of Kikubaaqudgha.
 91631 | Crypt:3  | Found the +0 pair of fencer's gloves {Riposte Dex+3}
 91661 | Crypt:3  | Got a steaming crystal amulet
 91662 | Crypt:3  | Identified the amulet of Fecranwocha {rPois rF- rN+ Regen+}
                  | (You found it on level 3 of the Crypt)
 91698 | Crypt:3  | Noticed an ancient lich
 91711 | Crypt:3  | Killed an ancient lich
 91991 | Crypt:3  | Identified the +7 great sword of Maim {vorpal, *Rage rElec
                  | Dex+2}
 92039 | Crypt:3  | Found a staircase to the Tomb.
 92698 | Zig:1    | Entered Level 1 of a ziggurat
 92698 | Zig:1    | Noticed a Killer Klown
 92714 | Zig:1    | Killed a Killer Klown
 92727 | Zig:2    | Entered Level 2 of a ziggurat
 92856 | Zig:3    | Entered Level 3 of a ziggurat
 92987 | Zig:4    | Entered Level 4 of a ziggurat
 92997 | Zig:4    | Reached skill level 23 in Invocations
 93079 | Zig:5    | Entered Level 5 of a ziggurat
 93088 | Zig:5    | Found the +7 mace of Variability {chain chaos}
 93098 | Zig:5    | Gained mutation: Armour fits poorly on your strangely
                  | shaped body. [a neqoxec]
 93108 | Zig:5    | Identified the ring "Isuugon" {rPois rN+} (You found it on
                  | level 5 of a ziggurat)
 93164 | Zig:6    | Entered Level 6 of a ziggurat
 93167 | Zig:6    | Noticed a juggernaut
 93177 | Zig:6    | Killed a juggernaut
 93326 | Zig:6    | Identified the +1 hand crossbow "Ryiss" {elec, Fragile
                  | Int+7 Dex+5} (You found it on level 6 of a ziggurat)
 93330 | Zig:7    | Entered Level 7 of a ziggurat
 93432 | Zig:8    | Entered Level 8 of a ziggurat
 93439 | Zig:8    | Noticed a Killer Klown
 93440 | Zig:8    | Noticed a Killer Klown
 93440 | Zig:8    | Noticed a Killer Klown
 93440 | Zig:8    | Noticed a Killer Klown
 93440 | Zig:8    | Noticed a Killer Klown
 93452 | Zig:8    | Corrupted Zig:8
 93455 | Zig:8    | Killed a Killer Klown
 93456 | Zig:8    | Killed a Killer Klown
 93456 | Zig:8    | Killed a Killer Klown
 93459 | Zig:8    | Killed a Killer Klown
 93464 | Zig:8    | Killed a Killer Klown
 93873 | Zig:9    | Entered Level 9 of a ziggurat
 93880 | Zig:9    | Corrupted Zig:9
 93937 | Zig:9    | Identified the cursed +1 spear "Pitogot" {drain, *Corrode
                  | rElec Int+4 Stlth+} (You found it on level 9 of a ziggurat)
 94002 | Zig:10   | Entered Level 10 of a ziggurat
 94013 | Zig:10   | Corrupted Zig:10
 94278 | Zot:1    | Entered Level 1 of the Realm of Zot
 95311 | Zot:1    | Reached skill level 15 in Shields
 96087 | Zot:2    | Noticed an orb of fire
 96096 | Zot:2    | Gained mutation: Your magical capacity is low. (-10% MP)
                  | [an orb of fire]
 96105 | Zot:2    | Gained mutation: You occasionally shout uncontrollably at
                  | your foes. [an orb of fire]
 96188 | Zot:2    | Gained mutation: Scrolls take you a little longer to read.
                  | [an orb of fire]
 96200 | Zot:1    | Killed an orb of fire
 96212 | Zot:1    | Gained mutation: You are very dopey. (Int -4) [mutagenic
                  | glow]
 96871 | Zot:2    | Reached skill level 24 in Invocations
 97232 | Zot:2    | You fall into a shaft and drop 1 floor!
 99224 | Zot:4    | Found a runed translucent gate.
 99224 | Zot:4    | Found a runed translucent gate.
 99225 | Zot:4    | Found a runed translucent gate.
 99225 | Zot:4    | Found an opulent altar of Gozag.
 99226 | Zot:4    | Noticed Mgcat's ghost (master HOWn)
100038 | Zot:4    | Corrupted Zot:4
100098 | Zot:4    | Killed Mgcat's ghost
100574 | Zot:5    | Entered Level 5 of the Realm of Zot
100579 | Zot:5    | Reached skill level 25 in Invocations
101513 | Zot:5    | Noticed an ancient lich
101530 | Zot:5    | Killed an ancient lich
101617 | Zot:5    | Lost mutation: Your magical capacity is low. (-10% MP)
                  | [potion of mutation]
101617 | Zot:5    | Lost mutation: Scrolls take you a little longer to read.
                  | [potion of mutation]
101617 | Zot:5    | Gained mutation: You are partially covered in iridescent
                  | scales. (AC +2) [potion of mutation]
101617 | Zot:5    | Lost mutation: You are very dopey. (Int -4) [potion of
                  | mutation]
101617 | Zot:5    | Lost mutation: You are dopey. (Int -2) [potion of mutation]
101731 | Zot:5    | Noticed a Killer Klown
101925 | Zot:5    | Noticed an ancient lich
101931 | Zot:5    | Killed an ancient lich
101952 | Zot:5    | Noticed an ancient lich
101958 | Zot:5    | Noticed an orb of fire
101961 | Zot:5    | Corrupted Zot:5
102016 | Zot:5    | Killed a Killer Klown
102391 | Zot:5    | Noticed an orb of fire
102402 | Zot:5    | Gained mutation: You sometimes yell uncontrollably at your
                  | foes. [an orb of fire]
102405 | Zot:5    | Gained mutation: You are weak. (Str -2) [an orb of fire]
102407 | Zot:5    | Killed an orb of fire
102423 | Zot:5    | Gained mutation: You frequently scream uncontrollably at
                  | your foes. [an orb of fire]
102432 | Zot:5    | Gained mutation: Scrolls take you a little longer to read.
                  | [an orb of fire]
102433 | Zot:5    | Killed an orb of fire
102727 | Zot:5    | Noticed a Killer Klown
102755 | Zot:5    | Killed a Killer Klown
102755 | Zot:5    | Reached skill level 26 in Invocations
102966 | Zot:5    | Noticed an ancient lich
102969 | Zot:5    | Noticed a Killer Klown
102985 | Zot:5    | Killed an ancient lich
102998 | Zot:5    | Killed an ancient lich
103400 | Zot:5    | Noticed an ancient lich
103402 | Zot:5    | Killed a Killer Klown
103520 | Zot:5    | Killed an ancient lich
103591 | Zot:5    | Noticed a Killer Klown
103599 | Zot:5    | Killed a Killer Klown
104542 | Zot:5    | Noticed an orb of fire
104549 | Zot:5    | Gained mutation: Scrolls take you longer to read. [an orb
                  | of fire]
104551 | Zot:5    | Killed an orb of fire
104683 | Zot:5    | Noticed a Killer Klown
105090 | Zot:5    | Banished a Killer Klown
105236 | Zot:5    | Lost mutation: Armour fits poorly on your strangely shaped
                  | body. [potion of mutation]
105236 | Zot:5    | Lost mutation: You are weak. (Str -2) [potion of mutation]
105236 | Zot:5    | Lost mutation: You frequently scream uncontrollably at your
                  | foes. [potion of mutation]
105236 | Zot:5    | Gained mutation: You are weak. (Str -2) [potion of
                  | mutation]
105236 | Zot:5    | Lost mutation: You expend magic power (3 MP) to strengthen
                  | your wands. [potion of mutation]
105236 | Zot:5    | Gained mutation: You have large cloven feet. [potion of
                  | mutation]
105237 | Zot:5    | Lost mutation: You are weak. (Str -2) [potion of mutation]
105237 | Zot:5    | Lost mutation: You sometimes yell uncontrollably at your
                  | foes. [potion of mutation]
105237 | Zot:5    | Lost mutation: Your body sometimes deteriorates upon taking
                  | damage. [potion of mutation]
105237 | Zot:5    | Lost mutation: Scrolls take you longer to read. [potion of
                  | mutation]
105237 | Zot:5    | Gained mutation: You sometimes yell uncontrollably at your
                  | foes. [potion of mutation]
105237 | Zot:5    | Gained mutation: Your flesh is heat resistant. (rF+)
                  | [potion of mutation]
105237 | Zot:5    | Gained mutation: Your natural rate of healing is unusually
                  | fast. [potion of mutation]
105238 | Zot:5    | Lost mutation: Your flesh is heat resistant. (rF+) [potion
                  | of mutation]
105238 | Zot:5    | Lost mutation: You have large cloven feet. [potion of
                  | mutation]
105238 | Zot:5    | Lost mutation: Scrolls take you a little longer to read.
                  | [potion of mutation]
105238 | Zot:5    | Gained mutation: You expend magic power (3 MP) to
                  | strengthen your wands. [potion of mutation]
105238 | Zot:5    | Gained mutation: You have an increased reservoir of magic.
                  | (+10% MP) [potion of mutation]
105238 | Zot:5    | Gained mutation: You have sharp toenails. [potion of
                  | mutation]
105254 | Zot:5    | Got the Orb of Zot
105398 | Zot:3    | Noticed Jagi the pandemonium lord
105415 | Zot:3    | Killed Jagi the pandemonium lord
105415 | Zot:3    | Reached skill level 27 in Invocations
105542 | Depths:5 | Noticed Meas the pandemonium lord
105548 | Depths:5 | Cast into level 4 of the Abyss (Meas)
105583 | Depths:5 | Escaped the Abyss
105588 | Depths:5 | Killed Meas the pandemonium lord
105604 | Depths:5 | Noticed Qawuaple the pandemonium lord
105612 | Depths:5 | HP: 2/242 [Qawuaple the pandemonium lord/damnation (32)]
105614 | Depths:5 | Killed from afar by a daeva

Levels and vault maps discovered:
D:1:      elethiomel_arrival_maze, layout_basic, minmay_pentomino_s4
D:2:      layout_loops_ring, first_ration
D:3:      layout_loops_ring, old_standard_altar, serial_co_window_serial,
          co_window_paths_a, co_window_paths_b, co_window_corner_a,
          co_window_paths_a, co_window_paths_b, co_window_cross_4,
          co_window_broadway_c, co_window_2corner, co_window_of_opportunity_b,
          co_window_cross_2, co_window_unsneaky_path_c, co_window_paths_c,
          glass_columns_b, glass_columns_b, glass_columns_c, glass_columns_b,
          glass_columns_b, kennysheep_generic_room_3
D:4:      layout_loops_ring, grunt_temple_overflow_opulence,
          overflow_temple_1_default, uniq_eustachio
D:5:      layout_basic, gammafunk_temple_overflow_statue, serial_shops,
          nicolae_shop_window_shopping
D:6:      layout_basic, grunt_temple_overflow_champion_of_chaos,
          evilmike_ruin_ashenzari, temple_doors_cd, gup_ossuary_entry_pyramid,
          serial_shops, shop_statue
D:7:      layout_loops_corners, nicolae_overflow_crystal_walls,
          nicolae_dithmenos_through_a_glass_darkly, serial_bayou_lagoon_a
D:8:      layout_basic, lemuel_doored_altar, serial_shops, shop, uniq_gastronok
D:9:      layout_loops_ring, elyvilon_altar_5, david_lair_generic,
          hangedman_pestilent_swarm
D:10:     layout_loops_ring, minmay_orc_entry_temple_small, serial_glass,
          glass_columns_b, glass_columns_c, feat_on_display, item_on_display_b,
          minmay_misc_feat_nine_boxes
D:11:     layout_roguey, portal_ice_cave_entry_imps, minmay_lindwurm_lava,
          uniq_josephine
D:12:     layout_loops_ring
D:13:     layout_gridville, enter_bailey_2, serial_shops,
          nicolae_shop_statue_plus, minmay_more_statues, uniq_rupert
D:14:     layout_cave_pools, erik_vaults_2, minmay_crystal_water,
          feat_on_display, uniq_roxanne
D:15:     hangedman_depths_entry_try_elsewhere_first, layout_loops_ring
Lair:1:   layout_chaotic_city, beast_lair_carwin_7, minmay_lair_oklob_chamber
Lair:2:   layout_layer_cave, uniq_fannar
Lair:3:   layout_chaotic_city, kennysheep_rathole, grunt_megastairs_3,
          lemuel_fruit_tree
Lair:4:   layout_regular_city, minmay_swamp_entry_worms,
          minmay_snake_entry_six_corridors
Lair:5:   layout_regular_city, slime_altar_1, minivault_11, st_stairs_9
Lair:6:   minmay_lair_end_enchanted_forest, layout_regular_city,
          lookout_lair_type, grunt_megastairs_4, uniq_sonja
Swamp:1:  layout_basic_swamp, evilmike_swamp_ruin_rubble_1, swamp_pool1,
          infiniplex_staircase_pool_2, uniq_aizul
Swamp:2:  layout_basic_swamp, gammafunk_ghost_wrathful_warriors,
          nicolae_swamp_round_clearing, infiniplex_staircase_pool
Swamp:3:  layout_basic_swamp, hangedman_swamp_cone, swamp_pool2,
          grunt_witch_cave
Swamp:4:  swamp_basic_johnstein, layout_basic_swamp
Snake:1:  layout_misc_corridors, serial_shops, nicolae_shop_waterfront,
          drop_trap
Snake:2:  layout_gridlike, statue_in_the_mist_lemuel
Snake:3:  layout_cave_shapes, special_room, nicolae_snake_lava_pool,
          uniq_vashnia, uniq_jorgrun
Snake:4:  grunt_snake_rune_pools, layout_onion
Slime:1:  layout_caves
Slime:2:  layout_caves
Slime:3:  layout_caves, dissolution_awaits
Slime:4:  layout_caves
Slime:5
Orc:1:    layout_caves, nicolae_orc_crystal_geode
Orc:2:    st_orc_pillars, layout_diamond_mine
Elf:1:    elf_arrival_001, layout_loops_ring, hangedman_elf_disciples,
          uniq_nikola
Elf:2:    layout_gridlike, serial_shops, nicolae_shop_trees, lemuel_flame_loot_1
Elf:3:    nooodl_elf_gasket, layout_gridlike, enter_trove_1, serial_shops, shop,
          uniq_asterion
Vaults:1: ebering_vaults_ghost_reflecting_pool, hangedman_vaults_stitches,
          hangedman_vaults_trim, ontoclasm_vaults_decontamination,
          nicolae_vaults_disjoint_gnomons, vaults_room_ringed_pool, v_misc_15,
          vaults_room_semicircle, st_greater_box_2, vaults_dpeg_ring,
          layout_vaults_omnibox
Vaults:2: st_check, nicolae_vaults_ring_of_whatevers, hangedman_vaults_maws,
          nicolae_vaults_little_squares_3, nicolae_vaults_circle_grid_b,
          vaults_room_door_ring, v_misc_12, dpeg_vaults_monster_box, v_misc_25,
          ontoclasm_vaults_ring_square, v_pattern_5, nicolae_vaults_triangles,
          nicolae_vaults_little_squares_2, nicolae_vaults_asterisk,
          layout_vaults_ring
Vaults:3: v_misc_13, minmay_crypt_entry_simple_statues, hangedman_vaults_snaps,
          vaults_mumra_chevron_long, v_pattern_3, ontoclasm_vaults_idyll,
          nicolae_vaults_little_ls, v_misc_30, ontoclasm_vaults_ring_small,
          hangedman_vaults_impose, layout_vaults_maze_snakey
Vaults:4: nicolae_vaults_shelves_hall, ontoclasm_vaults_ligature, v_pattern_4,
          ontoclasm_vaults_ring_small, hangedman_vaults_slice,
          vaults_room_door_hall, v_rooms_3, v_misc_2, vaults_room_grid,
          v_misc_2, v_misc_15, layout_vaults_omnicross, serial_shops, shop,
          uniq_sojobo, uniq_bai_suzhen
Vaults:5
Crypt:1:  layout_basic
Crypt:2:  gammafunk_sealed_arena, layout_basic, grunt_megastairs_2, uniq_mennas
Crypt:3:  cryptofortress_bobbens
Depths:1: layout_small_grid, serial_bayou_pond_e, hangedman_coc_ice_floe,
          grunt_decor_clamped, kennysheep_diamond, hangedman_cracks_in_the_wall
Depths:2: grunt_arcs, layout_gridville, chequers_serial_rivers_small_b,
          hell_entry
Depths:3: kennysheep_blocky_room, layout_cave_shapes, hell_entry,
          kennysheep_big_empty_room, pan_entry, minmay_fountain_box,
          minmay_swirly_circle, firewood_loft, uniq_margery
Depths:4: minmay_the_grid_triangle_9x9_rhombus_full_mashed
          [minmay_the_grid_triangle_9x9_sprig,
          minmay_the_grid_triangle_9x9_cache,
          minmay_the_grid_triangle_9x9_longest,
          minmay_the_grid_triangle_9x9_thin_v,
          minmay_the_grid_triangle_9x9_intruding_spiral,
          minmay_the_grid_triangle_9x9_skeleton,
          minmay_the_grid_triangle_9x9_zippers_horizontal,
          minmay_the_grid_triangle_9x9_prize_top_heavy], layout_cave_shapes,
          abyss_entry, hell_entry, infiniplex_enter_wizlab_glasses,
          kennysheep_cluttered_room, minmay_misc_feat_ornament,
          solitary_fountain, uniq_enchantress, uniq_mara
Depths:5: grunt_runaround [grunt_runaround_doors_1, grunt_runaround_doors_2,
          grunt_runaround_doors_3, grunt_runaround_doors_4,
          grunt_runaround_zot], hell_entry, uniq_xtahua
Hell
Zot:1:    layout_basic
Zot:2:    layout_gridlike, zot_minivault_1
Zot:3:    layout_twisted_circle, grunt_megastairs_1
Zot:4:    layout_concentric_octagons, ebering_ghost_gozag
Zot:5:    layout_twisted_circle

Skill      XL: |  1  2  3  4  5  6  7  8  9 10 11 12 13 14 15 16 17 18 19 20 21 22 23 24 25 26 27 |
---------------+----------------------------------------------------------------------------------+-----
Armour         | 3 4 5 6 7 8 9 10 11 13 14 15 16 17 18 19 20 21 | 21.5
Shields        | 1 2 3 4 5 7 9 20 | 20.3
Fighting       | 4 5 6 7 8 9 10 11 13 14 15 16 17 18 19 23 | 23.1
Maces & Flails | 3 4 6 7 9 10 11 12 13 14 15 16 17 18 19 20 | 20.0
Invocations    | 4 7 9 11 12 14 15 16 17 19 20 27 | 27.0
Polearms       | 2 6 13 | 13.1
Evocations     | 3 7 8 9 10 11 12 13 14 15 16 17 | 17.1
Throwing       | 4 5 7 8 10 11 12 13 14 21 | 21.2
Dodging        | 3 6 7 12 | 12.2

Action                   |  1- 3 |  4- 6 |  7- 9 | 10-12 | 13-15 | 16-18 | 19-21 | 22-24 | 25-27 || total
-------------------------+-------+-------+-------+-------+-------+-------+-------+-------+-------++-------
Melee: Mace              |   112 |   176 |   446 |   519 |    98 |       |       |       |       ||  1351
       Flail             |       |       |       |   429 |       |       |       |       |       ||   429
       Trident           |       |       |       |    67 |   292 |       |       |       |    83 ||   442
       Great mace        |       |       |       |       |   503 |   843 |   740 |   808 |  2722 ||  5616
       Demon whip        |       |       |       |       |       |       |       |       |    10 ||    10
 Fire: Hunting sling     |       |       |       |     8 |     5 |       |       |       |       ||    13
Throw: Boomerang         |       |    14 |    16 |    56 |    14 |     9 |    36 |    26 |   241 ||   412
       Javelin           |       |       |       |       |       |       |       |    32 |   121 ||   153
Invok: Depart the Abyss  |     1 |       |       |       |     1 |       |       |       |     2 ||     4
       Banish            |       |       |       |     2 |     1 |     9 |     4 |     2 |    11 ||    29
       Bend Space        |       |       |       |       |       |       |     4 |     1 |    17 ||    22
       Corrupt           |       |       |       |       |       |       |     3 |     1 |     9 ||    13
       Brand Weapon With |       |       |       |       |       |       |       |       |     1 ||     1
 Abil: Dig               |       |       |       |    12 |     4 |       |       |     1 |     8 ||    25
       Evoke Invisibilit |       |       |       |       |       |       |       |       |     1 ||     1
Evoke: Wand              |       |     1 |       |       |     8 |     3 |     6 |     2 |     6 ||    26
       Phantom mirror    |       |       |       |       |       |       |       |       |     4 ||     4
  Use: Scroll            |       |       |    25 |     4 |     7 |    11 |     5 |    19 |    49 ||   120
       Potion            |       |       |     1 |     4 |     2 |     2 |     3 |       |    22 ||    34
 Stab: Distracted        |       |       |       |       |     1 |       |       |       |     1 ||     2
       Paralysed         |       |       |       |       |       |       |       |       |     6 ||     6
       Petrifying        |       |       |       |       |       |       |       |       |     4 ||     4
       Petrified         |       |       |       |       |       |       |       |       |     3 ||     3
       Invisible         |       |       |       |       |       |       |       |       |     1 ||     1
  Eat: Chunk             |     1 |    10 |    11 |    22 |    32 |    22 |    27 |    20 |    40 ||   185
       Ration            |       |       |     1 |     5 |     3 |     8 |     5 |     3 |    29 ||    54
Armor: Leather armour    |    44 |    13 |       |       |       |       |       |       |       ||    57
       Ring mail         |       |    20 |       |       |       |       |       |       |       ||    20
       Chain mail        |       |    43 |   122 |       |       |       |       |       |       ||   165
       Plate armour      |       |       |    20 |   365 |   414 |   658 |   296 |   216 |       ||  1969
       Gold dragon scale |       |       |       |       |       |       |       |   143 |  1560 ||  1703
Dodge: Dodged            |    70 |    49 |    87 |   288 |   344 |   374 |   338 |   289 |  1121 ||  2960
       Deflected         |       |       |       |       |       |       |       |       |     2 ||     2
Block: Kite shield       |    29 |    62 |   185 |   561 |   584 |   775 |   503 |   471 |  1853 ||  5023
       Rpst.: Great mace |       |       |       |       |       |       |       |       |    58 ||    58
       Trident           |       |       |       |       |       |       |       |       |     1 ||     1

Table legend:
 A = Non-vault XP
 B = Vault XP
 C = Vault XP percentage of total XP
 D = Non-vault monster count
 E = Vault monster count
 F = Vault count percentage of total count
                 A         B        C        D         E       F
            +---------+---------+-------+---------+---------+-------
      Total | 1029791 | 1014815 |  49.6 |    1826 |    1032 |  36.1
            +---------+---------+-------+---------+---------+-------
        D:1 |      42 |       6 |  12.5 |      26 |       3 |  10.3
        D:2 |      45 |       0 |   0.0 |      17 |       0 |   0.0
        D:3 |     143 |       4 |   2.7 |      24 |       2 |   7.7
        D:4 |     253 |     211 |  45.5 |      14 |       1 |   6.7
        D:5 |     596 |       0 |   0.0 |      21 |       0 |   0.0
        D:6 |     933 |      68 |   6.8 |      24 |       2 |   7.7
        D:7 |    1475 |       0 |   0.0 |      33 |       0 |   0.0
        D:8 |     477 |     654 |  57.8 |      17 |       3 |  15.0
        D:9 |    1786 |    1128 |  38.7 |      31 |       5 |  13.9
       D:10 |    2550 |     314 |  11.0 |      23 |      10 |  30.3
       D:11 |    6173 |    1275 |  17.1 |      61 |      16 |  20.8
       D:12 |    3209 |       0 |   0.0 |      17 |       0 |   0.0
       D:13 |    9339 |    6308 |  40.3 |      30 |       5 |  14.3
       D:14 |    5254 |    8034 |  60.5 |      20 |       8 |  28.6
       D:15 |    7579 |    2948 |  28.0 |      22 |       4 |  15.4
     Lair:1 |    3147 |    1670 |  34.7 |      17 |       7 |  29.2
     Lair:2 |    5007 |    4893 |  49.4 |      24 |      10 |  29.4
     Lair:3 |    3393 |    1328 |  28.1 |      12 |      15 |  55.6
     Lair:4 |   14073 |    2019 |  12.5 |      41 |      14 |  25.5
     Lair:5 |   12563 |     556 |   4.2 |      44 |       2 |   4.3
     Lair:6 |    7417 |   11366 |  60.5 |      34 |      56 |  62.2
    Swamp:1 |   10753 |    1691 |  13.6 |      29 |       1 |   3.3
    Swamp:2 |   11553 |       0 |   0.0 |      22 |       0 |   0.0
    Swamp:3 |   19231 |    3649 |  15.9 |      36 |       4 |  10.0
    Swamp:4 |   16567 |   20013 |  54.7 |      38 |      33 |  46.5
    Snake:1 |   14227 |       0 |   0.0 |      25 |       0 |   0.0
    Snake:2 |   24055 |       0 |   0.0 |      42 |       0 |   0.0
    Snake:3 |   11730 |   11211 |  48.9 |      25 |      17 |  40.5
    Snake:4 |   31661 |    5683 |  15.2 |      63 |       7 |  10.0
    Slime:1 |    3682 |       0 |   0.0 |       6 |       0 |   0.0
    Slime:2 |    9673 |       0 |   0.0 |      10 |       0 |   0.0
    Slime:3 |   19991 |   13915 |  41.0 |      25 |       1 |   3.8
    Slime:4 |   25328 |    2395 |   8.6 |      46 |       1 |   2.1
    Slime:5 |   28999 |   30685 |  51.4 |      41 |      11 |  21.2
      Orc:1 |    4837 |       0 |   0.0 |      13 |       0 |   0.0
      Orc:2 |    3930 |   10871 |  73.4 |      34 |      62 |  64.6
      Elf:1 |   20187 |   10114 |  33.4 |      37 |      13 |  26.0
      Elf:2 |   12623 |   25574 |  67.0 |      24 |      30 |  55.6
      Elf:3 |   20028 |   63870 |  76.1 |      30 |      43 |  58.9
   Vaults:1 |   26729 |   41918 |  61.1 |      42 |      46 |  52.3
   Vaults:2 |   20977 |   31231 |  59.8 |      41 |      37 |  47.4
   Vaults:3 |   23936 |   10716 |  30.9 |      48 |      13 |  21.3
   Vaults:4 |   15217 |   47616 |  75.8 |      22 |      44 |  66.7
   Vaults:5 |   22759 |   75746 |  76.9 |      28 |      60 |  68.2
    Crypt:1 |   39557 |       0 |   0.0 |      57 |       0 |   0.0
    Crypt:2 |   28343 |   12179 |  30.1 |      38 |       5 |  11.6
    Crypt:3 |       0 |   63368 | 100.0 |       0 |      87 | 100.0
   Depths:1 |   44655 |    9354 |  17.3 |      57 |      13 |  18.6
   Depths:2 |   29271 |   34205 |  53.9 |      40 |      30 |  42.9
   Depths:3 |   22571 |   56936 |  71.6 |      29 |      30 |  50.8
   Depths:4 |   49704 |   55017 |  52.5 |      62 |      32 |  34.0
   Depths:5 |       0 |  107228 | 100.0 |       0 |      73 | 100.0
       Hell |    3958 |    9803 |  71.2 |       4 |      16 |  80.0
      Zot:1 |   49646 |    8037 |  13.9 |      34 |       1 |   2.9
      Zot:2 |   60440 |   20275 |  25.1 |      29 |      12 |  29.3
      Zot:3 |   55907 |    7981 |  12.5 |      32 |       4 |  11.1
      Zot:4 |   25291 |       0 |   0.0 |      16 |       0 |   0.0
      Zot:5 |   72465 |  164488 |  69.4 |      43 |      42 |  49.4
    Abyss:3 |    6244 |    3259 |  34.3 |      18 |       4 |  18.2
      Zig:1 |    5708 |       0 |   0.0 |       1 |       0 |   0.0
      Zig:2 |    1213 |       0 |   0.0 |       2 |       0 |   0.0
      Zig:3 |    2209 |       0 |   0.0 |       5 |       0 |   0.0
      Zig:4 |    3259 |       0 |   0.0 |       9 |       0 |   0.0
      Zig:5 |    3536 |       0 |   0.0 |      10 |       0 |   0.0
      Zig:6 |   11474 |       0 |   0.0 |      11 |       0 |   0.0
      Zig:7 |    5486 |       0 |   0.0 |      12 |       0 |   0.0
      Zig:8 |   10459 |       0 |   0.0 |       7 |       0 |   0.0
    Ossuary |       0 |     851 | 100.0 |       0 |      32 | 100.0
     Bailey |       0 |    3550 | 100.0 |       0 |      44 | 100.0
      IceCv |       0 |    3244 | 100.0 |       0 |      16 | 100.0
     WizLab |   14268 |    5360 |  27.3 |      31 |       5 |  13.9
            +---------+---------+-------+---------+---------+-------
